 Dungeon Crawl Stone Soup version 0.16.0-12-g7215832 (webtiles) character file.

39 Nefaurd the Slasher (level 3, -1/26 HPs)
             Began as an Octopode Chaos Knight on Mar 18, 2015.
             Slain by Sigmund
             ... wielding a +0 scythe
              (3 damage)
             ... on level 2 of the Dungeon.
             The game lasted 00:08:41 (1160 turns).

Nefaurd the Slasher (Octopode Chaos Knight)         Turns: 1160, Time: 00:08:41

Health: -1/26      AC:  1    Str: 12    XL:     3   Next: 45%
Magic:  3/3        EV: 12    Int: 14    God:    Xom [..*...]
Gold:   55         SH:  0    Dex: 11    Spells: 0 memorised, 2 levels left

rFire  . . .     SeeInvis .     a - +0 falchion (chaos)
rCold  . . .     Clarity  .     (no shield)
rNeg   . . .     SustAb   .     (helmet restricted)
rPois  .         Gourm    .     (no amulet)
rElec  .         Spirit   .     (no ring)
rCorr  .         Warding  .     (no ring)
rMut   .         Stasis   .     (no ring)
MR     .....                    (no ring)
Stlth  ++........               (no ring)
                                (no ring)
                                (no ring)
                                (no ring)

@: not resistant to hostile enchantments, unstealthy
A: almost no armour, amphibious, 8 rings, constrict 8, camouflage 1, gelatinous
body 1
a: Renounce Religion


You were on level 2 of the Dungeon.
You worshipped Xom.
You were a toy of Xom.
You were hungry.

You visited 1 branch of the dungeon, and saw 2 of its levels.

You collected 55 gold pieces.

Inventory:

Hand weapons
 a - a +0 falchion of chaos (weapon)
Scrolls
 b - a scroll of enchant armour {unknown}
 d - a scroll of identify {unknown}
 e - a scroll of remove curse {unknown}
Comestibles
 c - 2 bread rations


   Skills:
 * Level 3.5 Fighting
 * Level 3.5 Long Blades
 * Level 2.9 Dodging
 + Level 0.4 Stealth


You had 2 spell levels left.
You didn't know any spells.

Dungeon Overview and Level Annotations

Branches:
Dungeon (2/15)

Altars:

Annotations:
D:2 Sigmund


Innate Abilities, Weirdness & Mutations

You cannot wear most types of armour.
You are amphibious.
You can wear up to eight rings at the same time.
You can use your tentacles to constrict many enemies at once.
Your skin changes colour to match your surroundings (Stealth).
Your rubbery body absorbs attacks (AC +1).


Message History

Press: ? - help, Dir - move target cursor, f - Sigmund
Aim: Sigmund, wielding a scythe and wearing a robe Attack!
Xom opens a gate.
Sigmund drinks a potion.
Sigmund seems to speed up.
Sigmund hits you from afar with a scythe.
Sigmund casts a spell at you.
Your butterfly resists with significant effort.
Your butterfly degenerates into a cloud of primal chaos!
Sigmund mumbles some strange words.
Sigmund flickers and vanishes!
Deactivating autopickup; reactivate with Ctrl-A.
Your white imp hits something.
Your white imp freezes something.
Your butterfly disappears in a puff of smoke!
Your butterfly disappears in a puff of smoke!
The magic dart hits you!
* * * LOW HITPOINT WARNING * * *
Something hits you.
You die... "Boring in life, boring in death..."

####...#..##.....#.# #.........
.......#........5#.###..##..##.
.................#...........
##.#.#.##..#............##. ..
...#.......#.....#####.## .
##.#......##.............
)................#####.###
##.......................
####.#....####.#@#####.##
.....#...................
......................>#
........................
##.#.#....#####..#####.#
#*.#.#.., .... ##.#.# ,, .#..
.#...# ..* #.#.. ..####...# #..


You could see a friendly white imp.

Vanquished Creatures
  An adder (D:2)
  3 bats
  3 goblins (D:1)
  3 hobgoblins (D:2)
  4 jackals (D:2)
  4 kobolds
  A ball python (D:1)
  3 giant newts (D:1)
  8 rats
30 creatures vanquished.

Notes
Turn   | Place    | Note
--------------------------------------------------------------
     0 | D:1      | Nefaurd, the Octopode Chaos Knight, began the quest for the Orb.
     0 | D:1      | Reached XP level 1. HP: 16/16 MP: 1/1
    60 | D:1      | Reached XP level 2. HP: 11/21 MP: 2/2
   650 | D:1      | XOM: mild Tloc miscast
   948 | D:2      | XOM: silly message
   996 | D:2      | XOM: colour smoke trail
  1022 | D:2      | XOM: divination: magic mapping
  1024 | D:2      | Reached XP level 3. HP: 24/26 MP: 3/3
  1137 | D:2      | Noticed Sigmund
  1143 | D:2      | XOM: butterfly on damage
  1145 | D:2      | XOM: confuse monster(s)
  1150 | D:2      | XOM: summons friendly white imp
  1160 | D:2      | Slain by Sigmund

Action                   || total
-------------------------++-------
Melee: Falchion          ||    53
 Stab: Sleeping          ||     2
